General information
- name: BNet
- type: Ladder team game (AT/RT)
- host: Battle.net
- saver: F4gchamp
map: FullScaleAssault
- players: 8
- length: 53:33
- speed: Fast
- version: 1.26 W3XP
- replay type: Public
» download(288 KB)
Players
team 1 (winner)
Mack (
purple | 56 APM | 2973 actions | 53:32)
9 Blademaster
3 Critical Strike
3 Wind Walk
1 Bladestorm
2 Mirror Image
» actions
| Assign group hotkey | 4 | |
| Basic commands | 14 | |
| Build / train | 49 | |
| Enter build submenu | 24 | |
| Enter hero's abilities submenu | 9 | |
| Give item / drop item | 1 | |
| Remove unit from queue | 4 | |
| Right click | 2475 | |
| Select / deselect | 294 | |
| Select group hotkey | 5 | |
| Use ability | 94 | |
2973 total
» units
| Peon | 12 | |
| Wind Rider | 6 | |
| Troll Batrider | 10 | |
28 total
» upgrades
» buildings
| Altar of Storms | 1 | |
| Orc Burrow | 10 | |
| Voodoo Lounge | 1 | |
| War Mill | 2 | |
| Stronghold | 1 | |
| Beastiary | 2 | |
| Fortress | 1 | |
| Great Hall | 5 | |
23 total
» build order
00:07 Altar of Storms
00:10 Orc Burrow
00:40 Voodoo Lounge
01:21 Orc Burrow
03:26 War Mill
03:31 War Mill
03:40 Stronghold
05:44 Orc Burrow
06:19 Beastiary
06:26 Beastiary
07:41 Orc Burrow
07:42 Orc Burrow
08:38 Fortress
09:34 Orc Burrow
09:37 Orc Burrow
10:10 Great Hall
22:30 Great Hall
23:43 Great Hall
26:14 Orc Burrow
26:16 Orc Burrow
32:28 Great Hall
36:34 Great Hall
40:33 Orc Burrow
» items
| Healing Salve | 2 | |
| Lesser Clarity Potion | 4 | |
| Orb of Lightning | 1 | |
7 total

»
PimpSTYLE (
orange | 40 APM | 2045 actions | 50:32)
6 Mountain King
3 Storm Bolt
2 Bash
1 Avatar
4 Archmage
2 Brilliance Aura
2 Blizzard
3 Paladin
2 Holy Light
1 Devotion Aura
» actions
| Assign group hotkey | 42 | |
| Basic commands | 81 | |
| Build / train | 123 | |
| Enter build submenu | 65 | |
| Enter hero's abilities submenu | 13 | |
| Give item / drop item | 5 | |
| Right click | 583 | |
| Select / deselect | 537 | |
| Select group hotkey | 487 | |
| Use ability | 109 | |
2045 total
» units
| Peasant | 27 | |
| Footman | 3 | |
| Rifleman | 4 | |
| Priest | 8 | |
| Goblin Shredder | 1 | |
| Knight | 3 | |
| Mortar Team | 1 | |
| Flying Machine | 31 | |
| Sorceress | 2 | |
| Acolyte | 6 | |
| Crypt Fiend | 1 | |
87 total
» upgrades
| Masonry | 1 | |
| Gunpowder | 1 | |
| Lumber Harvesting | 1 | |
| Plating | 2 | |
| Flak Cannons | 1 | |
| Flying Machine Bombs | 1 | |
7 total
» buildings
| Altar of Kings | 2 | |
| Farm | 16 | |
| Barracks | 2 | |
| Lumber Mill | 1 | |
| Blacksmith | 1 | |
| Arcane Vault | 1 | |
| Keep | 2 | |
| Arcane Sanctum | 1 | |
| Town Hall | 4 | |
| Castle | 1 | |
| Workshop | 2 | |
| Scout Tower | 16 | |
| Guard Tower | 5 | |
| Arcane Tower | 1 | |
| Necropolis | 3 | |
| Altar of Darkness | 1 | |
| Crypt | 2 | |
| Ziggurat | 3 | |
| Tomb of Relics | 1 | |
| Halls of the Dead | 1 | |
| Nerubian Tower | 1 | |
| Graveyard | 1 | |
68 total
» build order
00:21 Altar of Kings
00:29 Farm
01:22 Farm
01:27 Barracks
01:47 Lumber Mill
02:02 Farm
02:30 Farm
02:41 Blacksmith
03:04 Arcane Vault
03:59 Keep
05:10 Barracks
05:14 Farm
07:12 Farm
07:26 Arcane Sanctum
07:48 Town Hall
09:28 Castle
09:46 Workshop
09:51 Farm
11:25 Scout Tower
11:29 Scout Tower
11:41 Guard Tower
11:45 Scout Tower
11:47 Scout Tower
11:51 Scout Tower
12:11 Guard Tower
12:16 Guard Tower
12:19 Scout Tower
12:22 Scout Tower
12:25 Scout Tower
12:50 Farm
12:54 Farm
12:58 Guard Tower
13:06 Scout Tower
13:09 Scout Tower
13:12 Scout Tower
13:14 Scout Tower
13:17 Scout Tower
14:28 Guard Tower
14:56 Scout Tower
14:58 Scout Tower
16:46 Farm
16:50 Farm
16:55 Workshop
18:17 Scout Tower
19:15 Farm
21:33 Farm
21:35 Arcane Tower
24:50 Farm
24:53 Farm
27:30 Altar of Kings
29:32 Town Hall
31:00 Town Hall
33:15 Town Hall
33:37 Farm
34:39 Keep
35:40 Necropolis
39:26 Altar of Darkness
39:28 Crypt
39:29 Ziggurat
39:30 Ziggurat
39:30 Ziggurat
39:37 Tomb of Relics
40:59 Halls of the Dead
41:19 Nerubian Tower
41:29 Graveyard
42:08 Necropolis
43:08 Crypt
44:08 Necropolis
» items
| Scroll of Regeneration | 1 | |
| Orb of Lightning | 1 | |
2 total
F4gchamp (
teal | 74 APM | 3956 actions | 53:33)
10 Blademaster
3 Wind Walk
3 Critical Strike
1 Bladestorm
3 Mirror Image
» actions
| Assign group hotkey | 37 | |
| Basic commands | 239 | |
| Build / train | 140 | |
| Enter build submenu | 72 | |
| Enter hero's abilities submenu | 10 | |
| Give item / drop item | 11 | |
| Right click | 1238 | |
| Select / deselect | 400 | |
| Select group hotkey | 1562 | |
| Use ability | 247 | |
3956 total
» units
| Peon | 19 | |
| Grunt | 7 | |
| Goblin Zeppelin | 10 | |
| Goblin Shredder | 4 | |
| Wind Rider | 7 | |
| Troll Batrider | 3 | |
| Goblin Sapper | 10 | |
| Raider | 1 | |
61 total
» upgrades
| Berserker Strength | 1 | |
| Pillage | 1 | |
| Reinforced Defenses | 1 | |
| Ranged Weapons | 3 | |
| Armor | 4 | |
| Envenomed Spears | 1 | |
| Troll Regeneration | 1 | |
| Liquid Fire | 1 | |
| Spiked Barricades | 3 | |
| Melee Weapons | 3 | |
| Ensnare | 1 | |
| War Drums Damage Increase | 1 | |
| Berserker Upgrade | 1 | |
| Burning Oil | 1 | |
| Backpack | 1 | |
24 total
» buildings
| Orc Burrow | 8 | |
| Altar of Storms | 2 | |
| Barracks | 1 | |
| Voodoo Lounge | 1 | |
| Stronghold | 4 | |
| War Mill | 1 | |
| Great Hall | 7 | |
| Watch Tower | 42 | |
| Fortress | 2 | |
| Beastiary | 5 | |
73 total
» build order
00:13 Orc Burrow
00:49 Altar of Storms
00:53 Altar of Storms
00:55 Barracks
01:15 Orc Burrow
01:52 Voodoo Lounge
04:07 Orc Burrow
04:47 Stronghold
04:47 Stronghold
04:47 Stronghold
05:21 War Mill
06:16 Great Hall
07:01 Watch Tower
07:05 Watch Tower
07:52 Fortress
08:30 Watch Tower
08:59 Watch Tower
10:07 Watch Tower
10:08 Watch Tower
10:09 Watch Tower
10:44 Great Hall
11:53 Great Hall
11:55 Great Hall
12:06 Watch Tower
12:08 Watch Tower
12:24 Orc Burrow
12:30 Watch Tower
12:31 Watch Tower
12:32 Watch Tower
12:34 Watch Tower
12:39 Beastiary
12:42 Beastiary
12:44 Beastiary
12:49 Beastiary
14:19 Watch Tower
14:20 Watch Tower
14:23 Watch Tower
14:25 Watch Tower
15:09 Watch Tower
15:12 Watch Tower
15:13 Watch Tower
15:21 Watch Tower
16:18 Watch Tower
16:20 Watch Tower
16:41 Watch Tower
16:44 Watch Tower
19:31 Orc Burrow
19:42 Orc Burrow
19:47 Beastiary
21:25 Watch Tower
21:26 Watch Tower
21:27 Watch Tower
30:07 Watch Tower
30:08 Watch Tower
30:09 Watch Tower
30:10 Watch Tower
30:11 Watch Tower
32:36 Orc Burrow
32:44 Orc Burrow
34:11 Great Hall
34:16 Watch Tower
34:17 Watch Tower
34:18 Watch Tower
34:19 Watch Tower
34:21 Watch Tower
34:23 Watch Tower
34:24 Watch Tower
34:25 Watch Tower
37:23 Great Hall
38:43 Watch Tower
39:58 Great Hall
» items
| Healing Salve | 5 | |
| Lesser Clarity Potion | 2 | |
| Boots of Speed | 1 | |
| Orb of Lightning | 2 | |
| Scroll of Town Portal | 2 | |
| Staff of Teleportation | 1 | |
13 total

»
hehez (
pink | 31 APM | 910 actions | 29:19)
7 Crypt Lord
2 Carrion Beetles
3 Spiked Carapace
1 Locust Swarm
1 Impale
» actions
| Assign group hotkey | 15 | |
| Basic commands | 4 | |
| Build / train | 108 | |
| Enter build submenu | 35 | |
| Enter hero's abilities submenu | 7 | |
| Give item / drop item | 2 | |
| Remove unit from queue | 1 | |
| Right click | 277 | |
| Select / deselect | 347 | |
| Select group hotkey | 68 | |
| Use ability | 46 | |
910 total
» units
| Acolyte | 29 | |
| Ghoul | 10 | |
| Goblin Shredder | 6 | |
| Goblin Zeppelin | 7 | |
| Frost Wyrm | 22 | |
74 total
» upgrades
| Creature Attack | 3 | |
| Creature Carapace | 4 | |
| Freezing Breath | 1 | |
8 total
» buildings
| Graveyard | 1 | |
| Halls of the Dead | 1 | |
| Altar of Darkness | 1 | |
| Crypt | 1 | |
| Ziggurat | 9 | |
| Black Citadel | 7 | |
| Sacrificial Pit | 1 | |
| Boneyard | 3 | |
| Necropolis | 1 | |
| Spirit Tower | 1 | |
26 total
» build order
00:57 Graveyard
01:03 Halls of the Dead
01:52 Altar of Darkness
02:20 Crypt
02:59 Ziggurat
03:36 Ziggurat
04:29 Ziggurat
05:06 Black Citadel
05:07 Black Citadel
05:07 Black Citadel
05:45 Sacrificial Pit
05:51 Ziggurat
08:23 Boneyard
09:01 Boneyard
09:03 Boneyard
10:38 Ziggurat
10:46 Ziggurat
10:56 Ziggurat
16:41 Ziggurat
17:38 Ziggurat
22:44 Necropolis
28:03 Spirit Tower
» items
| Orb of Fire | 2 | |
| Scroll of Regeneration | 2 | |
| Scroll of Town Portal | 2 | |
| Potion of Lesser Invulnerability | 1 | |
7 total
team 2 (loser)

»
RunninThruDa6 (
red | 47 APM | 931 actions | 19:55)
4 Archmage
2 Summon Water Elemental
2 Brilliance Aura
1 Mountain King
1 Storm Bolt
1 Paladin
1 Holy Light
» actions
| Basic commands | 4 | |
| Build / train | 83 | |
| Enter build submenu | 40 | |
| Enter hero's abilities submenu | 6 | |
| Give item / drop item | 1 | |
| Right click | 363 | |
| Select / deselect | 364 | |
| Use ability | 70 | |
931 total
» units
| Peasant | 15 | |
| Footman | 9 | |
| Goblin Shredder | 1 | |
| Sorceress | 3 | |
| Dragonhawk Rider | 1 | |
| Gryphon Rider | 6 | |
| Flying Machine | 4 | |
39 total
» upgrades
| Defend | 1 | |
| Swords | 2 | |
| Masonry | 1 | |
| Armor | 2 | |
| Sorceress Training | 1 | |
| Storm Hammers | 1 | |
| Magic Sentry | 1 | |
| Flak Cannons | 1 | |
| Flying Machine Bombs | 1 | |
11 total
» buildings
| Altar of Kings | 1 | |
| Farm | 12 | |
| Barracks | 1 | |
| Scout Tower | 14 | |
| Arcane Tower | 5 | |
| Lumber Mill | 1 | |
| Town Hall | 1 | |
| Guard Tower | 8 | |
| Arcane Vault | 1 | |
| Blacksmith | 1 | |
| Keep | 1 | |
| Castle | 1 | |
| Gryphon Aviary | 2 | |
| Arcane Sanctum | 1 | |
| Workshop | 2 | |
52 total
» build order
00:13 Altar of Kings
00:19 Farm
00:30 Barracks
00:56 Farm
01:39 Scout Tower
01:54 Farm
01:58 Farm
02:06 Arcane Tower
02:42 Scout Tower
02:57 Scout Tower
03:20 Arcane Tower
03:28 Lumber Mill
03:30 Arcane Tower
04:08 Town Hall
04:10 Scout Tower
04:11 Scout Tower
04:13 Scout Tower
04:45 Guard Tower
04:49 Scout Tower
04:57 Arcane Vault
05:09 Guard Tower
05:15 Scout Tower
05:36 Guard Tower
05:40 Scout Tower
05:43 Arcane Tower
06:21 Farm
06:32 Guard Tower
06:35 Scout Tower
06:37 Arcane Tower
07:05 Blacksmith
07:10 Scout Tower
07:51 Keep
07:53 Guard Tower
07:58 Scout Tower
08:11 Farm
08:28 Scout Tower
08:31 Scout Tower
08:32 Guard Tower
08:59 Guard Tower
09:03 Farm
09:40 Guard Tower
09:54 Farm
10:26 Castle
10:28 Gryphon Aviary
10:32 Gryphon Aviary
10:36 Arcane Sanctum
10:43 Farm
11:32 Farm
15:05 Farm
16:17 Farm
17:05 Workshop
17:11 Workshop
» items
| Scroll of Regeneration | 3 | |
| Scroll of Town Portal | 2 | |
| Boots of Speed | 1 | |
| Circlet of Nobility | 1 | |
| Dust of Appearance | 1 | |
| Staff of Sanctuary | 1 | |
9 total

»
IfafkITKU (
yellow | 16 APM | 775 actions | 47:57)
1 Archmage
1 Summon Water Elemental
5 Blood Mage
3 Flame Strike
2 Banish
2 Paladin
1 Divine Shield
1 Holy Light
3 Mountain King
1 Storm Bolt
2 Bash
» actions
| Basic commands | 1 | |
| Build / train | 60 | |
| Enter build submenu | 25 | |
| Enter hero's abilities submenu | 10 | |
| Remove unit from queue | 2 | |
| Right click | 393 | |
| Select / deselect | 241 | |
| Use ability | 43 | |
775 total
» units
| Peasant | 10 | |
| Gryphon Rider | 17 | |
| Siege Engine | 4 | |
31 total
» upgrades
| Swords | 4 | |
| Armor | 4 | |
| Lumber Harvesting | 2 | |
| Storm Hammers | 1 | |
| Barrage | 1 | |
| Gunpowder | 1 | |
13 total
» buildings
| Keep | 1 | |
| Farm | 13 | |
| Altar of Kings | 1 | |
| Blacksmith | 1 | |
| Lumber Mill | 1 | |
| Arcane Vault | 2 | |
| Castle | 1 | |
| Gryphon Aviary | 2 | |
| Town Hall | 3 | |
25 total
» build order
01:54 Keep
01:59 Farm
02:06 Altar of Kings
02:12 Blacksmith
02:20 Lumber Mill
02:36 Arcane Vault
02:41 Farm
03:09 Arcane Vault
03:19 Farm
03:57 Farm
04:43 Farm
05:21 Castle
05:29 Farm
05:39 Gryphon Aviary
05:46 Gryphon Aviary
06:37 Farm
07:31 Farm
08:18 Farm
09:02 Farm
09:32 Town Hall
10:23 Farm
11:42 Farm
13:21 Farm
14:16 Town Hall
18:04 Town Hall
» items
BronzeFlame (
blue | 62 APM | 3295 actions | 53:32)
10 Blood Mage
3 Flame Strike
3 Siphon Mana
1 Summon Phoenix
3 Banish
4 Mountain King
2 Storm Bolt
2 Bash
1 Dark Ranger
1 Silence
» actions
| Assign group hotkey | 78 | |
| Basic commands | 47 | |
| Build / train | 127 | |
| Enter build submenu | 62 | |
| Enter hero's abilities submenu | 16 | |
| Give item / drop item | 2 | |
| Remove unit from queue | 6 | |
| Right click | 1358 | |
| Select / deselect | 480 | |
| Select group hotkey | 849 | |
| Use ability | 270 | |
3295 total
» units
| Peasant | 23 | |
| Footman | 4 | |
| Goblin Zeppelin | 3 | |
| Goblin Shredder | 1 | |
| Dragonhawk Rider | 7 | |
| Gryphon Rider | 2 | |
| Blue Dragon | 1 | |
41 total
» upgrades
| Masonry | 3 | |
| Swords | 3 | |
| Armor | 3 | |
| Animal War Training | 1 | |
| Cloud | 1 | |
| Storm Hammers | 1 | |
| Long Rifles | 1 | |
| Defend | 1 | |
| Gunpowder | 1 | |
| Plating | 1 | |
| Lumber Harvesting | 1 | |
| Backpack | 1 | |
18 total
» buildings
| Altar of Kings | 1 | |
| Barracks | 1 | |
| Farm | 10 | |
| Scout Tower | 35 | |
| Arcane Tower | 3 | |
| Arcane Vault | 2 | |
| Keep | 1 | |
| Lumber Mill | 3 | |
| Town Hall | 3 | |
| Guard Tower | 14 | |
| Castle | 1 | |
| Gryphon Aviary | 9 | |
| Blacksmith | 2 | |
85 total
» build order
00:43 Altar of Kings
00:45 Barracks
00:58 Farm
00:59 Farm
01:16 Farm
01:47 Farm
02:23 Scout Tower
03:14 Arcane Tower
03:25 Arcane Vault
03:46 Keep
04:28 Lumber Mill
04:34 Town Hall
08:59 Scout Tower
08:59 Scout Tower
09:38 Guard Tower
09:40 Guard Tower
09:43 Scout Tower
09:44 Scout Tower
09:46 Scout Tower
09:46 Scout Tower
09:48 Scout Tower
10:06 Scout Tower
10:14 Guard Tower
10:22 Guard Tower
10:22 Guard Tower
10:26 Castle
10:32 Arcane Tower
12:39 Town Hall
12:42 Scout Tower
12:42 Scout Tower
12:42 Scout Tower
12:43 Scout Tower
12:48 Scout Tower
12:48 Scout Tower
12:49 Scout Tower
12:50 Scout Tower
12:52 Scout Tower
12:52 Scout Tower
12:53 Scout Tower
12:54 Scout Tower
12:57 Arcane Vault
13:22 Guard Tower
13:25 Guard Tower
13:31 Gryphon Aviary
13:32 Gryphon Aviary
13:32 Gryphon Aviary
13:33 Gryphon Aviary
13:35 Gryphon Aviary
13:36 Gryphon Aviary
13:37 Gryphon Aviary
13:42 Gryphon Aviary
13:47 Blacksmith
13:49 Blacksmith
14:08 Guard Tower
14:11 Guard Tower
14:12 Guard Tower
15:03 Guard Tower
15:58 Scout Tower
15:58 Scout Tower
15:59 Scout Tower
15:59 Scout Tower
16:02 Scout Tower
16:03 Scout Tower
17:02 Guard Tower
17:41 Guard Tower
19:03 Farm
19:03 Farm
19:04 Farm
19:28 Scout Tower
19:28 Scout Tower
19:36 Lumber Mill
19:40 Lumber Mill
21:09 Guard Tower
23:40 Scout Tower
23:40 Scout Tower
25:49 Gryphon Aviary
32:56 Town Hall
33:10 Farm
33:12 Farm
38:15 Arcane Tower
» items
| Scroll of Regeneration | 6 | |
| Mechanical Critter | 3 | |
| Potion of Healing | 5 | |
| Scroll of Town Portal | 3 | |
| Periapt of Vitality | 3 | |
| Potion of Lesser Invulnerability | 1 | |
| Boots of Speed | 2 | |
| Staff of Teleportation | 2 | |
25 total

»
mumuss (
green | 43 APM | 1536 actions | 35:28)
9 Blademaster
3 Wind Walk
3 Critical Strike
1 Bladestorm
2 Mirror Image
» actions
| Assign group hotkey | 30 | |
| Basic commands | 86 | |
| Build / train | 82 | |
| ESC pressed | 1 | |
| Enter build submenu | 29 | |
| Enter hero's abilities submenu | 9 | |
| Give item / drop item | 4 | |
| Right click | 497 | |
| Select / deselect | 414 | |
| Select group hotkey | 275 | |
| Use ability | 109 | |
1536 total
» units
| Peon | 19 | |
| Grunt | 5 | |
| Goblin Zeppelin | 1 | |
| Shaman | 8 | |
| Tauren | 5 | |
| Troll Batrider | 10 | |
| Gryphon Rider | 2 | |
| Siege Engine | 4 | |
54 total
» upgrades
| Shaman Training | 2 | |
| Reinforced Defenses | 1 | |
| Melee Weapons | 2 | |
| Armor | 1 | |
| Pulverize | 1 | |
| Liquid Fire | 1 | |
8 total
» buildings
| Altar of Storms | 1 | |
| Orc Burrow | 6 | |
| Barracks | 1 | |
| Voodoo Lounge | 1 | |
| Stronghold | 1 | |
| Great Hall | 3 | |
| War Mill | 1 | |
| Watch Tower | 8 | |
| Spirit Lodge | 1 | |
| Fortress | 1 | |
| Tauren Totem | 2 | |
| Beastiary | 2 | |
28 total
» build order
00:18 Altar of Storms
00:25 Orc Burrow
00:37 Barracks
01:39 Orc Burrow
01:53 Voodoo Lounge
03:30 Orc Burrow
04:20 Stronghold
05:01 Great Hall
05:08 War Mill
05:39 Orc Burrow
06:38 Watch Tower
06:39 Watch Tower
07:52 Watch Tower
07:55 Watch Tower
07:59 Watch Tower
08:07 Spirit Lodge
08:51 Fortress
09:17 Orc Burrow
11:36 Tauren Totem
11:39 Tauren Totem
11:45 Orc Burrow
16:09 Watch Tower
16:10 Watch Tower
16:12 Watch Tower
16:33 Beastiary
17:02 Beastiary
18:19 Great Hall
24:31 Great Hall
» items
| Healing Salve | 2 | |
| Scroll of Regeneration | 1 | |
| Scroll of Town Portal | 4 | |
| Orb of Lightning | 1 | |
8 total
Chat log
(02:01 / Allies) hehez: wood pls
(02:14 / Allies) hehez: ty
(04:01 / Allies) hehez: orange do you want this mine?
(04:17 / Allies) PimpSTYLE: sure
(04:20 / Allies) hehez: ok
(09:32 / All) BronzeFlame: purple you're lucky I was alt tabbed trash noob
(10:01 / All) BronzeFlame: luckiest noob in the word!
(11:16 / All) F4gchamp: nice mh LOL
(11:21 / All) F4gchamp: kill it as soon as it goes up
(11:31 / All) mumuss: watch replay noob
(11:41 / All) F4gchamp: to what, see that you hack?
(12:07 / Allies) hehez: hit?
(12:27 / Allies) hehez: wait for me
(13:24 / Allies) F4gchamp: wood me
(13:58 / Allies) F4gchamp: wood
(14:00 / Allies) F4gchamp: plz
(14:07 / Allies) F4gchamp: purp you got 1.2k
(14:09 / Allies) F4gchamp: ty
(14:34 / Allies) hehez: pulp
(15:09 / Allies) hehez: gold pls
(15:16 / Allies) hehez: nice oj
(17:18 / Allies) hehez: teal gold me pls
(17:20 / Allies) hehez: u have 3k
(17:42 / Allies) F4gchamp: no wood to make units
(19:04 / Allies) hehez: go?
(19:13 / Allies) hehez: teal u have 5k
(19:14 / Allies) F4gchamp: hit bot
(19:16 / Allies) hehez: gol pls
(19:57 / Allies) F4gchamp: too many towers at blue
(20:48 / Allies) hehez: teal gold us pls
(20:55 / Allies) F4gchamp: wood me
(23:01 / Allies) hehez: gogogogogog
(23:10 / Allies) hehez: teal resources pls
(23:14 / Allies) F4gchamp: wood me
(23:20 / Allies) hehez: you have woo
(23:23 / Allies) Mack: gold man
(23:28 / Allies) Mack: ive given you so much wood
(24:45 / Allies) PimpSTYLE: why are you destroying my farms
(24:56 / Allies) hehez: teal tking
(24:58 / Allies) F4gchamp: no wood, no farms
(25:26 / Allies) PimpSTYLE: u need wood
(26:04 / Allies) hehez: i need woo
(26:10 / Allies) F4gchamp: wood me
(26:52 / Allies) Mack: teal i need fuckign gold man
(27:00 / Allies) F4gchamp: I give you gold for wood
(27:08 / Allies) Mack: ive given you fucking like 2k
(27:37 / Allies) F4gchamp: there you go bro
(27:42 / Allies) Mack: you blow
(28:02 / Allies) Mack: lost us the game
(28:51 / All) hehez: teal has 9k gold 6k wood and he has no units.
(28:58 / All) F4gchamp: I have 80 food LOL
(29:03 / All) hehez: he tked orange in the late stage of game
(29:04 / All) F4gchamp: are you on crack
(29:29 / All) F4gchamp: Fucking dumb bitches|
(29:37 / All) F4gchamp: they say I have no units when I have 80 food
(30:22 / Allies) Mack: you lost this game for us teal
(30:24 / Allies) Mack: so you know
(30:35 / Allies) F4gchamp: thanks for your input
(30:39 / Allies) Mack: good
(30:41 / Allies) Mack: you blow
(30:43 / Allies) Mack: remember that
(30:54 / Allies) F4gchamp: I'm on a different level rom you
(31:05 / Allies) Mack: what level is that
(31:09 / All) mumuss: blue has 14k gold lol
(34:35 / All) BronzeFlame: purple you are such a noob
(34:45 / All) Mack: hows that
(34:52 / All) BronzeFlame: you're trash
(35:01 / All) F4gchamp: Purple is gabage
(35:09 / All) F4gchamp: garbage retard noob
(35:13 / All) F4gchamp: who begss for gold
(35:19 / All) BronzeFlame: you're just lucky lol
(35:21 / All) mumuss: daaaaamn
(35:22 / All) BronzeFlame: like that kill on green
(35:28 / All) F4gchamp: and network disconnecting
(36:38 / All) BronzeFlame: 2-3 trash
(37:11 / Allies) PimpSTYLE: gold me
(37:18 / Allies) PimpSTYLE: i have 35 gold lol
(37:24 / Allies) F4gchamp: haha
(37:37 / Allies) PimpSTYLE: still have a worker
(37:41 / Allies) PimpSTYLE: plz give some gold
(37:46 / Allies) PimpSTYLE: so i can fight with you guys
(38:17 / Allies) F4gchamp: I feel generous
(38:21 / Allies) F4gchamp: there you go, orange]
(38:23 / Allies) PimpSTYLE: lol
(38:28 / Allies) PimpSTYLE: wow
(39:29 / All) Mack: lol
(39:34 / All) BronzeFlame: you're daed lol
(40:09 / All) Mack: noooo
(42:53 / Allies) Mack: bats
(43:27 / Allies) PimpSTYLE: wtf
(43:28 / Allies) PimpSTYLE: teal
(43:41 / All) F4gchamp: Tell them the rules
(43:43 / All) F4gchamp: and what's up
(43:54 / Allies) PimpSTYLE: what are you talking about
(44:16 / Allies) PimpSTYLE: stop fucking around
(44:23 / Allies) PimpSTYLE: why are you tking right now
(44:25 / All) F4gchamp: Tell them the rules
(44:31 / All) F4gchamp: my team doesn't understand]
(44:42 / All) BronzeFlame: teal and me are in this together
(44:48 / All) Mack: nobody cares
(44:48 / All) BronzeFlame: we're going to kill all units including oru own
(44:53 / All) BronzeFlame: and leave you wtih no way to produce units
(44:58 / All) BronzeFlame: so no one can win
(45:02 / All) BronzeFlame: except if the other side leaves
(45:20 / All) PimpSTYLE: someone will eventually win
(45:27 / All) PimpSTYLE: so its just kinda dumb
(45:31 / All) PimpSTYLE: to have to tk
(45:35 / All) PimpSTYLE: at this point
(45:38 / All) F4gchamp: I think orange is missing chromosones like jake
(45:41 / All) BronzeFlame: yeah
(45:47 / All) BronzeFlame: that's "logic"
(45:49 / All) BronzeFlame: retard logic
(46:32 / All) PimpSTYLE: you forgot a unit dumb fucks
(46:37 / All) PimpSTYLE: cheap ass skanks lol
(46:46 / All) PimpSTYLE: here you go blue
(46:50 / All) PimpSTYLE: i'll tk myself
(46:54 / All) F4gchamp: Thought bats killed that]
(46:55 / All) PimpSTYLE: and send it into your towers
(46:59 / All) BronzeFlame: thx
(47:19 / All) PimpSTYLE: cmon take out these buildings
(47:27 / All) F4gchamp: why
(47:31 / All) F4gchamp: 0 food
(47:32 / All) F4gchamp: who cares
(47:38 / All) PimpSTYLE: its a graveyard that might challenge your victory
(47:39 / All) F4gchamp: No unit production, dumb skank
(47:53 / All) PimpSTYLE: its still holding you back
(48:04 / All) F4gchamp: Bad luck
(48:06 / All) F4gchamp: you guys have to lose
(48:11 / All) F4gchamp: your standoff opponent left
(48:14 / All) BronzeFlame: got tp staff/
(48:26 / All) F4gchamp: yeah3
(48:33 / All) Mack: lol
(48:49 / All) BronzeFlame: purple you're one of the worst blademasters I've seen in a while
(49:02 / All) Mack: what does that even meaN
(49:08 / All) F4gchamp: lol
(49:08 / All) BronzeFlame: you suck at blademaster
(49:09 / All) BronzeFlame: wtf
(49:10 / All) BronzeFlame: lol
(49:12 / All) PimpSTYLE: why do you even play if you have to tk to win
(49:12 / All) BronzeFlame: can you read, retard?
(49:18 / All) Mack: i havent played this game in years
(49:19 / All) BronzeFlame: lol
(49:24 / All) BronzeFlame: this must be jake's family
(49:32 / All) F4gchamp: We are 0-0 we don't care about wins or losses
(49:38 / All) BronzeFlame: y'all twin cousins with jacob campbell out of tulare,california?
(49:45 / All) PimpSTYLE: you just keep making new accounts
(49:46 / All) F4gchamp: I think these clowns are missing chromosones too
(50:01 / All) PimpSTYLE: because you can't even win without a tk
(50:16 / All) PimpSTYLE: That's your main strat.
(50:26 / All) PimpSTYLE: Tk on new accounts
(50:30 / All) PimpSTYLE: Good job
(51:43 / All) F4gchamp: LMAO
(51:48 / All) F4gchamp: BLADESTORM ON ALLIED NITS
(51:52 / All) Mack: i die in style
(52:01 / All) F4gchamp: He bladestormed by bm LOL
(52:03 / All) F4gchamp: thinking it'd wok
(52:08 / All) F4gchamp: work, fucking r key
(52:11 / All) Mack: lol really?
(52:20 / All) Mack: what are you 12
(52:26 / All) F4gchamp: yeah, it's dead
(53:01 / All) F4gchamp: 2-4 now
(53:04 / All) F4gchamp: time to make a new account
(53:08 / All) F4gchamp: and try to get 50% again